 Dungeon Crawl Stone Soup version 0.22.1-1-ga44c0e5 (webtiles) character file.

53838 Lovchig the Severer (level 14, -7/130 HPs)
             Began as a Deep Dwarf Fighter on Sept 27, 2018.
             Was the Champion of Makhleb.
             Mangled by Snorg (13 damage)
             ... on level 2 of the Orcish Mines on Sept 29, 2018.
             The game lasted 00:50:49 (13064 turns).

Lovchig the Severer (Deep Dwarf Fighter)           Turns: 13064, Time: 00:50:50

Health: -7/130     AC: 21    Str: 31    XL:     14   Next: 32%
Magic:  2/2        EV: 13    Int:  8    God:    Makhleb [******]
Gold:   1317       SH:  0    Dex: 12    Spells: 13/13 levels left

rFire    . . .     SeeInvis .   z - +0 executioner's axe (freeze)
rCold    . . .     Gourm    +   (shield currently unavailable)
rNeg     + . .     Faith    .   F - +0 plate armour
rPois    .         Spirit   .   H - +0 helmet
rElec    .         Reflect  .   N - +0 cloak
rCorr    .         Harm     .   s - +0 pair of gloves
MR       ++...     Clarity  +   (no boots)
Stlth    ..........             n - amulet of the gourmand
HPRegen  0.00/turn              J - +5 ring of strength
MPRegen  0.08/turn              M - +2 ring of slaying

@: lethally poisoned (-7 -> -64), non-regenerating
A: damage resistance, heal wounds, hooves 1, thin metallic scales 1, clarity,
negative energy resistance 1, sense surroundings 2, sturdy frame 1, no
regeneration
a: Heal Wounds, Minor Destruction, Lesser Servant of Makhleb, Major Destruction,
Greater Servant of Makhleb, Renounce Religion


You were on level 2 of the Orcish Mines.
You worshipped Makhleb.
Makhleb was exalted by your worship.
You were very full.

You visited 3 branches of the dungeon, and saw 18 of its levels.
You visited the Abyss 1 time.
You also visited: Ossuary.

You collected 1935 gold pieces.
You spent 618 gold pieces at shops.

Inventory:

Hand Weapons
 v - a +2 broad axe of distortion
 z - a +0 executioner's axe of freezing (weapon)
 Q - a +3 scimitar of flaming
Armour
 c - a +1 shield
 s - a +0 pair of gloves (worn)
 F - a +0 plate armour (worn)
 H - a +0 helmet (worn)
 L - a scarf of cloud immunity
 N - a +0 cloak (worn)
Jewellery
 h - an uncursed ring of poison resistance
 n - an amulet of the gourmand (around neck)
 x - an uncursed ring of flight
 J - a +5 ring of strength (left hand)
 M - a +2 ring of slaying (right hand)
Wands
 j - a wand of iceblast (12)
 u - a wand of random effects (94)
 w - a wand of disintegration (27)
 y - a wand of flame (93)
 B - a wand of paralysis (32)
 I - a wand of enslavement (17)
Scrolls
 b - a scroll of enchant weapon
 d - a scroll of fog
 i - 3 scrolls of teleportation
 l - 9 scrolls of remove curse
 p - 2 scrolls of fear
 D - a scroll of blinking
 G - a scroll of enchant armour
 P - a scroll of magic mapping
 R - a scroll of amnesia
Potions
 a - 2 potions of resistance
 e - 2 potions of ambrosia
 g - 6 potions of flight
 k - 2 potions of magic
 m - 4 potions of heal wounds
 o - 4 potions of invisibility
 q - 5 potions of curing
 r - 4 potions of brilliance
 t - a potion of agility
 A - 3 potions of might
 C - 2 potions of cancellation
 E - 4 potions of lignification
 K - a potion of haste
Comestibles
 f - 34 rations
 O - 2 chunks of flesh


   Skills:
 * Level 9.9 Fighting
 * Level 17.3 Axes
 * Level 11.4 Armour
 * Level 9.2 Dodging
 * Level 11.1 Shields


You had 13 spell levels left.
You didn't know any spells.
Your spell library contained the following spells:

 Spells                   Type           Power        Failure   Level  Hunger
 Animate Skeleton         Necr           N/A          88%         1    ##.....
 Apportation              Tloc           #.....       88%         1    ##.....
 Confusing Touch          Hex            #.....       88%         1    ##.....
 Corona                   Hex            #......      88%         1    ##.....
 Magic Dart               Conj           #...         88%         1    ##.....
 Summon Small Mammal      Summ           #...         88%         1    ##.....
 Blink                    Tloc           N/A          95%         2    ###....
 Call Imp                 Summ           #.......     95%         2    ###....
 Slow                     Hex            #.......     95%         2    ###....
 Confuse                  Hex            #.......     99%         3    ####...
 Conjure Flame            Conj/Fire      #.......     99%         3    ####...
 Gell's Gravitas          Tloc           #.........   99%         3    ####...
 Inner Flame              Hex/Fire       #.......     99%         3    ####...
 Mephitic Cloud           Conj/Pois/Air  #.......     99%         3    ####...
 Portal Projectile        Hex/Tloc       #.....       99%         3    ####...
 Cause Fear               Hex            #.........   100%        4    #####..
 Leda's Liquefaction      Hex/Erth       #.........   100%        4    #####..
 Petrify                  Tmut/Erth      #.......     100%        4    #####..
 Metabolic Englaciation   Hex/Ice        #.........   100%        5    ######.
 Yara's Violent Unravell  Hex/Tmut       #.........   100%        5    ######.


Dungeon Overview and Level Annotations

Branches:
Dungeon (15/15)            Temple (1/1) D:5            Lair (0/6) D:9
    Orc (2/2) D:9             Elf (0/3) Orc:2        Vaults (0/5) D:13
 Depths (0/5) D:15

Altars:
Cheibriados
Dithmenos
Elyvilon
Gozag
Hepliaklqana
Kikubaaqudgha
Makhleb
Nemelex Xobeh
Okawaru
Ru
Sif Muna
Trog
Uskayaw
Wu Jian
Xom
Yredelemnul
Zin
The Shining One

Shops:
D:10 }}!!}   D:12 *   D:13 !?[   D:15 ?

Annotations:
Orc:2 Nessos, Snorg


Innate Abilities, Weirdness & Mutations

You are resistant to damage.
You can heal yourself by infusing magical energy.
You resist negative energy. (rN+)
You passively map the area around you.
You do not regenerate.
You have large cloven feet.
You are partially covered in thin metallic scales. (AC +2)
You possess an exceptional clarity of mind.
Your movements are slightly less encumbered by armour. (ER -2)


Message History

Snorg claws you but does no damage. Snorg misses you. Snorg closely misses you.
Snorg claws you but does no damage. Snorg claws you!
* * * LOW HITPOINT WARNING * * *
You slash Snorg! You freeze Snorg. You kick Snorg.
Snorg is moderately wounded.
Nessos blinks!
Nessos shoots an arrow.
The arrow completely misses you. Snorg bites you. Snorg claws you.
* * * LOW HITPOINT WARNING * * *
Snorg claws you.
You feel much better.
Nessos shoots an arrow.
The arrow hits you!!
* * * LOW HITPOINT WARNING * * *
The arrow burns you.
You are lethally poisoned!
Snorg bites you but does no damage. Snorg barely misses you.
Snorg completely misses you.
Nessos shoots an arrow.
The arrow hits you!
* * * LOW HITPOINT WARNING * * *
The arrow burns you.
You are more poisoned.
Snorg bites you but does no damage. Snorg barely misses you. Snorg claws you!
You die...

,,
,..$....#......#......#....
* #............# ....<#....
,, #..........(.#
#......... , ,
,*#..........# * .........
#..<....)..## #....... ,
#....(c....#####....., ,
$......#(.....#.#....# ,, ,
......###)T..##....<.# , ,
,..$.o# ##@....#......# , ,
..o.. #(#(........### ,
..T., ####..ยง......# , ...
#.........## , ,oo., *
#####..#.## * * * * #..####
* , *,* #### * , * ,,, ,, *
, *


You could see Snorg (berserk) and Nessos.

Vanquished Creatures
  Rupert (Orc:2)
  Louise (D:15)
  A stone giant (Orc:1)
  Fannar (Orc:1)
  Harold (D:13)
  Erica (D:13)
  A centaur warrior (D:15)
  An ogre mage (D:10)
  2 death yaks (D:9)
  5 two-headed ogres
  2 deep elf knights (D:13)
  2 unseen horrors (D:14)
  Pikel (D:6)
  A wizard (D:13)
  A wolf spider zombie (D:11)
  16 ugly things
  A harpy (shapeshifter) (D:14)
  An orc knight (D:15)
  2 orc sorcerers (Orc:1)
  2 manticores
  A deep elf mage (D:15)
  2 cyclopes
  2 black mambas (D:14)
  A guardian serpent (D:12)
  A centaur zombie (D:15)
  A guardian serpent (shapeshifter) (D:15)
  An efreet (D:14)
  A gargoyle (D:13)
  2 kobold demonologists
  A komodo dragon (D:13)
  2 demonic crawlers (D:14)
  A queen bee (shapeshifter) (D:13)
  8 trolls
  3 meliai (D:15)
  A troll (shapeshifter) (D:15)
  Grinder (D:3)
  8 slime creatures
  7 hippogriffs
  A shadow (D:15)
  4 wyverns
  2 wraiths
  A vampire (D:10)
  19 yaks
  A human (shapeshifter) (D:15)
  A hungry ghost (D:8)
  2 fire bats (D:14)
  6 vampire mosquitoes
  Menkaure (D:4)
  Edmund (D:5)
  2 soldier ants (D:12)
  An acid dragon (D:13)
  5 water moccasins
  A meliai simulacrum (D:15)
  3 ice beasts
  6 sky beasts
  An eye of draining (D:11)
  A necrophage (D:9)
  9 orc warriors
  3 boggarts (D:15)
  5 phantoms
  7 centaurs
  6 ogres
  2 crocodiles (D:10)
  3 big kobolds
  Blork the orc (D:4)
  10 bullfrogs
  A gnoll sergeant (D:8)
  3 scorpions
  A water moccasin skeleton (D:10)
  3 wights (D:8)
  9 killer bees
  2 vampire bats (D:14)
  2 electric eels
  7 howler monkeys
  A bullfrog zombie (D:13)
  4 crimson imps
  3 quasits (D:11)
  5 hounds
  9 jellies
  7 orc priests
  5 centaur skeletons
  3 bullfrog skeletons
  A gnoll shaman (D:10)
  Ijyb (D:5)
  6 iguanas
  20 orc wizards
  15 worker ants
  A killer bee zombie (D:8)
  4 big kobold zombies (Ossuary)
  A hound zombie (D:10)
  A hound skeleton (D:4)
  A mummy (Ossuary)
  A worker ant zombie (D:11)
  13 adders
  9 gnolls
  6 shadow imps
  6 oozes (D:14)
  3 adder zombies
  A worm (D:2)
  2 dart slugs
  6 leopard geckos
  44 orcs
  4 spectral bats (Ossuary)
  10 giant cockroaches
  8 gnoll zombies (Ossuary)
  4 goblins
  7 hobgoblins
  12 jackals
  20 kobolds
  4 quokkas
  6 ball pythons
  13 bats
  A frilled lizard (D:3)
  5 goblin simulacra (Ossuary)
  5 goblin zombies (Ossuary)
  5 hobgoblin zombies (Ossuary)
  2 kobold simulacra (Ossuary)
  2 kobold zombies (Ossuary)
  A leopard gecko skeleton (D:4)
  6 orc zombies (Ossuary)
  A quokka skeleton (D:4)
  5 rats
  3 rat simulacra (Ossuary)
  2 spectral goblins (Ossuary)
  A spectral kobold (Ossuary)
  2 spectral rats (Ossuary)
529 creatures vanquished.

Vanquished Creatures (others)
  An ice dragon (D:13)
  A two-headed ogre (D:11)
  A death yak (D:9)
  An ogre mage (D:10)
  A deep elf knight (D:13)
  A fire crab (shapeshifter) (D:13)
  An unseen horror (D:14)
  A manticore (D:11)
  A guardian serpent (D:12)
  A centaur zombie (D:10)
  A gargoyle (D:13)
  A yak (D:9)
  An ice beast (D:11)
  A wyvern skeleton (D:14)
  A scorpion (D:9)
  An electric eel (D:10)
  A worker ant (D:12)
  A shadow imp (D:6)
  3 orcs
  A quokka (D:6)
22 creatures vanquished.

Grand Total: 551 creatures vanquished

Notes
Turn   | Place    | Note
-------+----------+-------------------------------------------
     0 | D:1      | Lovchig the Deep Dwarf Fighter began the quest for the Orb.
     0 | D:1      | Reached XP level 1. HP: 20/20 MP: 1/1
   637 | D:2      | Reached XP level 2. HP: 27/27 MP: 2/2
   807 | D:2      | Reached XP level 3. HP: 26/33 MP: 3/3
   945 | D:2      | Reached skill level 3 in Axes
   950 | D:2      | Reached skill level 1 in Dodging
  1306 | D:3      | Reached XP level 4. HP: 19/42 MP: 4/4
  1329 | D:3      | Noticed Grinder
  1329 | D:3      | Paralysed by Grinder for 7 turns
  1367 | D:3      | Paralysed by Grinder for 4 turns
  1381 | D:3      | Killed Grinder
  1381 | D:3      | Reached skill level 4 in Axes
  1381 | D:3      | Reached XP level 5. HP: 24/49 MP: 4/4
  1381 | D:3      | Reached XP level 6. HP: 28/56 MP: 5/5
  1736 | D:4      | Reached skill level 5 in Axes
  1853 | D:4      | Noticed Blork the orc
  1863 | D:4      | Killed Blork the orc
  2251 | D:4      | Noticed Menkaure
  2261 | D:4      | Killed Menkaure
  2261 | D:4      | Reached XP level 7. HP: 37/63 MP: 5/5
  2372 | D:5      | Entered Level 5 of the Dungeon
  2372 | D:5      | Found a staircase to the Ecumenical Temple.
  2378 | Temple   | Entered the Ecumenical Temple
  2393 | Temple   | Became a worshipper of Makhleb the Destroyer
  2485 | D:5      | Reached skill level 6 in Axes
  2485 | D:5      | Reached skill level 5 in Shields
  2513 | D:5      | Noticed Edmund
  2537 | D:5      | Killed Edmund
  2537 | D:5      | Reached skill level 5 in Armour
  2567 | D:5      | Found a transporter.
  2648 | D:5      | Found a sacrificial altar of Ru.
  2733 | D:5      | Found a transporter.
  2733 | D:5      | Noticed a hippogriff
  2735 | D:5      | Noticed a hippogriff
  2740 | D:5      | Found a basalt altar of Yredelemnul.
  2740 | D:5      | Found a sacrificial altar of Ru.
  2740 | D:5      | Found an ornate altar of the Wu Jian Council.
  2761 | D:5      | Noticed Ijyb
  2789 | D:5      | Killed Ijyb
  2953 | D:5      | Found a sand-covered staircase.
  2959 | Ossuary  | Entered an ossuary
  3011 | Ossuary  | Reached * piety under Makhleb
  3118 | Ossuary  | Reached XP level 8. HP: 42/72 MP: 5/5
  3121 | Ossuary  | Reached ** piety under Makhleb
  3314 | D:5      | Reached skill level 7 in Axes
  3555 | D:5      | Killed a hippogriff
  3556 | D:5      | Killed a hippogriff
  3557 | D:5      | Reached skill level 8 in Axes
  3794 | D:6      | Noticed Pikel
  3804 | D:6      | Killed Pikel
  3804 | D:6      | Gained mutation: You passively map the area around you.
                  | [Deep Dwarf growth]
  3804 | D:6      | Reached XP level 9. HP: 67/80 MP: 6/6
  3810 | D:6      | Reached skill level 5 in Fighting
  3845 | D:6      | Reached skill level 9 in Axes
  4014 | D:6      | Found a deep blue altar of Sif Muna.
  4024 | D:6      | Reached *** piety under Makhleb
  4552 | D:6      | Identified a scroll of acquirement
  4556 | D:6      | Gained mutation: You occasionally shout uncontrollably at
                  | your foes. [potion of mutation]
  4556 | D:6      | Gained mutation: You are agile. (Dex +2) [potion of
                  | mutation]
  4556 | D:6      | Gained mutation: You are partially covered in thin metallic
                  | scales. (AC +2) [potion of mutation]
  4768 | D:7      | Reached skill level 10 in Axes
  5205 | D:7      | Reached **** piety under Makhleb
  5362 | D:8      | Lost mutation: You occasionally shout uncontrollably at
                  | your foes. [potion of mutation]
  5362 | D:8      | Lost mutation: You are agile. (Dex +2) [potion of mutation]
  5362 | D:8      | Gained mutation: Your movements are slightly less
                  | encumbered by armour. (ER -2) [potion of mutation]
  5362 | D:8      | Gained mutation: You possess an exceptional clarity of
                  | mind. [potion of mutation]
  5362 | D:8      | Gained mutation: You have large cloven feet. [potion of
                  | mutation]
  5419 | D:8      | Found a sparkling altar of Nemelex Xobeh.
  5624 | D:8      | Reached XP level 10. HP: 91/91 MP: 7/7
  5874 | D:8      | Found an ancient bone altar of Kikubaaqudgha.
  6181 | D:9      | Reached skill level 5 in Dodging
  6210 | D:9      | Found a shadowy altar of Dithmenos.
  6357 | D:9      | Noticed a death yak
  6359 | D:9      | Noticed a death yak
  6362 | D:9      | Found a staircase to the Lair.
  6362 | D:9      | Noticed a death yak
  6385 | D:9      | Reached skill level 11 in Axes
  6392 | D:9      | Killed a death yak
  6420 | D:9      | Banished a death yak
  6479 | D:9      | Found a staircase to the Orcish Mines.
  6627 | D:9      | Reached skill level 12 in Axes
  6781 | D:9      | Killed a death yak
  7258 | D:9      | Reached XP level 11. HP: 69/99 MP: 7/7
  7336 | D:10     | Entered Level 10 of the Dungeon
  7620 | D:10     | Found Nenoox's Gadget Emporium.
  7634 | D:10     | Noticed an ogre mage
  7635 | D:10     | Noticed an ogre mage
  7643 | D:10     | Banished an ogre mage
  7658 | D:10     | Killed an ogre mage
  7806 | D:10     | Reached skill level 13 in Axes
  7836 | D:10     | Found Rekuewk's Gadget Shoppe.
  7836 | D:10     | Found Fauho's Distillery.
  7854 | D:10     | Found Katinan's Distillery.
  7957 | D:10     | Found Kist's Gadget Shoppe.
  8004 | D:11     | Noticed a two-headed ogre
  8004 | D:11     | Noticed a two-headed ogre
  8008 | D:11     | Killed a two-headed ogre
  8009 | D:11     | Banished a two-headed ogre
  8023 | D:11     | Reached ***** piety under Makhleb
  8547 | D:11     | Reached skill level 14 in Axes
  8547 | D:11     | Reached XP level 12. HP: 101/110 MP: 8/8
  9312 | D:12     | Found Qolew's General Store.
  9361 | D:12     | Bought a +5 ring of strength for 618 gold pieces
 10111 | D:13     | Noticed a two-headed ogre
 10119 | D:13     | Killed a two-headed ogre
 10179 | D:13     | Noticed a two-headed ogre
 10186 | D:13     | Found Ditsixoj's Magic Scroll Shop.
 10187 | D:13     | Killed a two-headed ogre
 10206 | D:13     | Found Gugeraq's Antique Armour Shoppe.
 10246 | D:13     | Noticed Harold
 10248 | D:13     | Noticed Erica
 10267 | D:13     | Reached skill level 10 in Shields
 10281 | D:13     | Killed Erica
 10281 | D:13     | Reached skill level 15 in Axes
 10294 | D:13     | Killed Harold
 10369 | D:13     | Found Tarph's Distillery.
 10493 | D:13     | Noticed an ice dragon
 10513 | D:13     | Found a gate to the Vaults.
 10515 | D:13     | Reached skill level 10 in Armour
 10537 | D:13     | Banished an ice dragon
 10628 | D:14     | Reached XP level 13. HP: 115/118 MP: 7/7
 10981 | D:14     | Reached ****** piety under Makhleb
 10989 | D:14     | Cast into level 3 of the Abyss (a distortion unwield)
 11028 | D:14     | Escaped the Abyss
 11171 | D:14     | Reached skill level 16 in Axes
 11471 | D:15     | Entered Level 15 of the Dungeon
 11692 | D:15     | Found Enus's Magic Scroll Boutique.
 12034 | D:15     | Gained mutation: You resist negative energy. (rN+) [Deep
                  | Dwarf growth]
 12034 | D:15     | Reached XP level 14. HP: 60/129 MP: 6/6
 12156 | D:15     | HP: 2/129 [white ugly thing (21)]
 12178 | D:15     | Found a staircase to the Depths.
 12202 | D:15     | Noticed Louise
 12217 | D:15     | Killed Louise
 12217 | D:15     | Reached skill level 17 in Axes
 12487 | Orc:1    | Entered Level 1 of the Orcish Mines
 12487 | Orc:1    | Noticed Fannar
 12514 | Orc:1    | Killed Fannar
 12554 | Orc:1    | Noticed a stone giant
 12567 | Orc:1    | Killed a stone giant
 12990 | Orc:2    | Entered Level 2 of the Orcish Mines
 13011 | Orc:2    | Noticed Rupert
 13011 | Orc:2    | Noticed Nessos
 13027 | Orc:2    | Killed Rupert
 13033 | Orc:2    | Found a staircase to the Elven Halls.
 13040 | Orc:2    | Noticed Snorg
 13064 | Orc:2    | HP: 6/130 [Nessos/arrow (11)]
 13064 | Orc:2    | Mangled by Snorg

Skill      XL: |  1  2  3  4  5  6  7  8  9 10 11 12 13 14 |
---------------+-------------------------------------------+-----
Fighting       | 3 4 5 6 7 8 9 |  9.9
Axes           | 3 4 5 6 8 10 12 14 15 16 17 | 17.3
Dodging        | 1 2 3 4 5 6 8 9 |  9.2
Armour         | 4 5 6 7 8 10 11 | 11.4
Shields        | 4 5 6 7 8 9 10 11 | 11.1

Action                   |  1- 3 |  4- 6 |  7- 9 | 10-12 | 13-15 || total
-------------------------+-------+-------+-------+-------+-------++-------
Melee: War axe           |    77 |   104 |   286 |       |       ||   467
       Broad axe         |       |       |   108 |   531 |   107 ||   746
       Kick              |       |       |     9 |   162 |   155 ||   326
       Executioner's axe |       |       |       |       |   278 ||   278
 Abil: Heal Wounds       |       |     5 |     3 |    11 |    24 ||    43
  Use: Scroll            |     7 |     2 |    11 |     7 |     3 ||    30
       Potion            |       |     1 |     3 |     1 |       ||     5
  Eat: Chunk             |     1 |     4 |    14 |    28 |     8 ||    55
       Ration            |       |       |     1 |       |       ||     1
Armor: Chain mail        |    57 |    48 |   136 |       |       ||   241
       Scale mail        |     1 |       |       |       |       ||     1
       Plate armour      |       |       |    70 |   193 |   306 ||   569
Dodge: Dodged            |    19 |    15 |    99 |   148 |   292 ||   573
Block: Shield            |    66 |    58 |   250 |   260 |    50 ||   684
